 Dungeon Crawl Stone Soup version 0.17.0-28-g6e173f8 (webtiles) character file.

101 gorblad the Skirmisher (level 4, 0/53 HPs)
             Began as an Ogre Fighter on Dec 4, 2015.
             Succumbed to poison (a potion of poison)
             ... on level 3 of the Dungeon.
             The game lasted 00:06:17 (2295 turns).

gorblad the Skirmisher (Ogre Fighter)               Turns: 2295, Time: 00:06:17

Health: 0/53       AC:  6    Str: 22    XL:     4   Next: 75%
Magic:  4/4        EV: 13    Int:  7    God:
Gold:   86         SH:  8    Dex:  9    Spells: 0 memorised, 3 levels left

rFire  . . .     SeeInvis .     a - +1 flail
rCold  . . .     Clarity  +     b - +0 robe
rNeg   . . .     SustAt   .     c - +0 shield
rPois  .         Gourm    .     (helmet restricted)
rElec  .         Spirit   .     h - +2 cloak
rCorr  .         Warding  .     (gloves unavailable)
rMut   .         Stasis   .     (boots unavailable)
MR     +....                    l - amulet of clarity
Stlth  +.........               e - +5 ring of evasion
                                g - ring of protection from magic

@: lethally poisoned (0 -> -6), somewhat resistant to hostile enchantments, very
unstealthy
A: unfitting armour, tough skin 1
a: no special abilities


You were on level 3 of the Dungeon.
You were not hungry.

You visited 1 branch of the dungeon, and saw 3 of its levels.

You collected 86 gold pieces.

Inventory:

Hand Weapons
 a - a +1 flail (weapon)
Missiles
 k - a throwing net (quivered)
Armour
 b - a +0 robe (worn)
 c - a +0 shield (worn)
 h - a +2 cloak (worn)
Jewellery
 e - a +5 ring of evasion (right hand)
 g - a ring of protection from magic (left hand)
 j - an uncursed amulet of resist mutation {unknown}
 l - an amulet of clarity (around neck)
 o - an uncursed ring of magical power
Scrolls
 f - a scroll of remove curse
 i - a scroll of identify
Potions
 d - a potion of might
Comestibles
 m - a meat ration
 n - 7 chunks of flesh
 q - a bread ration


   Skills:
 + Level 6.7 Fighting
 - Level 2.9 Maces & Flails
 - Level 2.9 Dodging
 - Level 2.7 Shields


You had 3 spell levels left.
You didn't know any spells.

Dungeon Overview and Level Annotations

Branches:
Dungeon (3/15)

Altars:
Ashenzari
Cheibriados
Makhleb


Innate Abilities, Weirdness & Mutations

You are too large for most types of armour.
You have tough skin (AC +1).


Message History

The gnoll hits you from afar with a spear.
* * * LOW HITPOINT WARNING * * *
The worm barely misses you.
You hit the worm.
The worm is moderately wounded.
* * * LOW HITPOINT WARNING * * *
You feel sick. The gnoll barely misses you.
The worm bites you but does no damage.
You sock the worm!
The worm is severely wounded.
* * * LOW HITPOINT WARNING * * *
You feel sick. The gnoll closely misses you. The gnoll closely misses you.
You hit the worm.
The worm is almost dead.
* * * LOW HITPOINT WARNING * * *
You feel sick. The worm bites you but does no damage.
You block the gnoll's attack.
You barely miss the worm.
The worm is severely wounded.
You die...

..# #..........### .##
#............. ####
#..........#
...###..........##
##...#...........######
..##.....<.............
.)######..#####..#####
..# ##.. ##.# ..# ###
#@# ..### #w# ....#


.gg .(#... ##... ..#### ## ##... รท.# ..## ..## #.#####.... ### #..........
##......... #### You could see a worm and 2 gnolls.

Vanquished Creatures
  3 gnolls
  An ooze (D:2)
  A worm (D:2)
  3 giant geckos
  5 giant cockroaches
  7 goblins
  5 hobgoblins
  9 jackals (D:1)
  6 kobolds
  A ball python (D:2)
  8 bats
  A giant newt (D:2)
  A quokka (D:2)
  10 rats
61 creatures vanquished.

Notes
Turn   | Place    | Note
--------------------------------------------------------------
     0 | D:1      | gorblad the Ogre Fighter began the quest for the Orb.
     0 | D:1      | Reached XP level 1. HP: 24/24 MP: 1/1
    42 | D:1      | Reached XP level 2. HP: 6/32 MP: 2/2
   636 | D:1      | Reached XP level 3. HP: 27/41 MP: 3/3
   661 | D:1      | Reached skill level 5 in Fighting
  1384 | D:2      | Reached XP level 4. HP: 48/52 MP: 4/4
  1422 | D:2      | Found a shattered altar of Ashenzari.
  1447 | D:2      | Reached skill level 6 in Fighting
  1586 | D:2      | Found a burning altar of Makhleb.
  1829 | D:2      | Found a snail-covered altar of Cheibriados.
  2293 | D:3      | HP: 2/53 [poison (a potion of poison)]
  2295 | D:3      | Succumbed to poison (a potion of poison)

Action                   |  1- 3 |  4- 6 || total
-------------------------+-------+-------++-------
Melee: Flail             |   130 |    61 ||   191
  Use: Scroll            |       |     4 ||     4
       Potion            |       |     2 ||     2
 Stab: Sleeping          |       |     2 ||     2
  Eat: Bread ration      |     1 |       ||     1
